[Event "DVM U14 2024"]
[Site "Heidelberg"]
[Date "2024.12.27"]
[Round "1"]
[White "Noennig, Jakob"]
[Black "Mandalka, Justus"]
[Result "1-0"]
[ECO "B35"]
[WhiteElo "2065"]
[BlackElo "2059"]
[Annotator "RC"]
[PlyCount "97"]
[EventDate "2024.12.23"]
[EventType "team-tourn"]
[EventRounds "7"]
[EventCountry "GER"]
[SourceTitle "playchess.com"]
[Source "ChessBase"]
[SourceQuality "1"]
[TimeControl "40/5400+30:1800+30"]

1. e4 c5 2. Nf3 Nc6 3. d4 cxd4 4. Nxd4 g6 5. Nc3 Bg7 6. Be3 Nf6 7. Bc4 O-O 8. Bb3 d5 9. exd5 Na5 10. Qf3 Bg4 11. Qg3 Qc8 12. h3 Bd7 13. O-O Nc4 14. Bxc4 Qxc4 15. Qf3 Rfd8 16. Rad1 Rac8 17. Rd2 Be8 18. Nb3 Nd7 19. Bd4 Ne5 20. Qe4 Qc7 21. Bxe5 Bxe5 22. Re1 Bxc3 23. bxc3 Qxc3 24. Qxe7 Ba4 25. Re3 Qb2 26. c4 Qb1+ 27. Re1 Qf5 28. g4 Qd7 29. Qf6 Qd6 30. Qxd6 Rxd6 31. c5 Rdd8 32. Rc1 Kf8 33. f4 Rc7 34. Rc4 Bb5 35. Rb4 a6 36. a4 Be8 37. Kf2 a5 38. Rbd4 Ra8 39. d6 Rd7 40. c6 bxc6 41. Nc5 Rb8 42. Re4 Rbd8 43. Nxd7+ Rxd7 44. Re5 Ra7 45. Rc2 f6 46. Re6 Kf7 47. Rce2 Bd7 48. Re7+ Kg8 49. Rb2 1-0

[Event "DVM U14 2024"]
[Site "Heidelberg"]
[Date "2024.12.27"]
[Round "1"]
[White "Marcziter, Alex"]
[Black "Meng, Yuxuan"]
[Result "1-0"]
[ECO "B24"]
[WhiteElo "2017"]
[BlackElo "1833"]
[Annotator "RC"]
[PlyCount "91"]
[EventDate "2024.12.23"]
[EventType "team-tourn"]
[EventRounds "7"]
[EventCountry "GER"]
[SourceTitle "playchess.com"]
[Source "ChessBase"]
[SourceQuality "1"]
[TimeControl "40/5400+30:1800+30"]

1. e4 c5 2. Nc3 e6 3. g3 Nc6 4. Bg2 Nf6 5. d3 a6 6. f4 d5 7. e5 Nd7 8. Nf3 b5 9. O-O Bb7 10. f5 Ndxe5 11. fxe6 f6 12. Nxe5 Nxe5 13. Bf4 Qd6 14. Re1 b4 15. Rxe5 fxe5 16. Qh5+ g6 17. Qxe5 Qxe5 18. Bxe5 Rg8 19. Nxd5 Bxd5 20. Bxd5 Rd8 21. Bc4 Be7 22. Bxa6 Rd5 23. Re1 Bd6 24. Bf6 Be7 25. Bb5+ Kd8 26. Be5 c4 27. Bxc4 Rc5 28. Re4 Rf8 29. Rd4+ Ke8 30. Bb3 Ra5 31. Kg2 Rf5 32. Bc7 Ra7 33. Bd6 Bxd6 34. Rxd6 Rb7 35. Ra6 Ke7 36. Ra8 Rf8 37. Rxf8 Kxf8 38. Kf3 Ke7 39. Ke4 Kd6 40. c3 Rb5 41. d4 Rf5 42. cxb4 Rf2 43. b5 Rxb2 44. b6 Kc6 45. Kd3 Rb1 46. e7 1-0

[Event "DVM U14 2024"]
[Site "Heidelberg"]
[Date "2024.12.27"]
[Round "1"]
[White "Klein, Levent"]
[Black "Faerber, Anna"]
[Result "1-0"]
[ECO "A65"]
[WhiteElo "1985"]
[BlackElo "1698"]
[Annotator "RC"]
[PlyCount "75"]
[EventDate "2024.12.23"]
[EventType "team-tourn"]
[EventRounds "7"]
[EventCountry "GER"]
[SourceTitle "playchess.com"]
[Source "ChessBase"]
[SourceQuality "1"]
[TimeControl "40/5400+30:1800+30"]

1. d4 Nf6 2. c4 g6 3. Nc3 Bg7 4. e4 d6 5. f3 O-O 6. Be3 c5 7. d5 e6 8. Qd2 exd5 9. cxd5 Re8 10. Bd3 a6 11. a4 Nbd7 12. Nh3 Ne5 13. Nf2 Nxd3+ 14. Nxd3 Nd7 15. O-O Ne5 16. Nxe5 Bxe5 17. Rab1 Bd7 18. Qc2 Qc7 19. Ne2 Qa5 20. b3 b5 21. Bd2 Qb6 22. Kh1 Qc7 23. Rfc1 Rec8 24. f4 Bg7 25. Bc3 Bxc3 26. Nxc3 Re8 27. Re1 Rac8 28. Qe2 b4 29. Nd1 c4 30. Rc1 c3 31. Qxa6 c2 32. Nf2 Qc3 33. h3 Qxb3 34. Qxd6 Bxa4 35. Ng4 Red8 36. Qf6 Qc3 37. Nh6+ Kf8 38. Qxf7# 1-0

[Event "DVM U14 2024"]
[Site "Heidelberg"]
[Date "2024.12.27"]
[Round "1"]
[White "Fischermann, Simon"]
[Black "Zhu, Timo Kaiheng"]
[Result "1-0"]
[ECO "B13"]
[WhiteElo "1899"]
[BlackElo "1615"]
[Annotator "NA RC"]
[PlyCount "87"]
[EventDate "2024.12.23"]
[EventType "team-tourn"]
[EventRounds "7"]
[EventCountry "GER"]
[SourceTitle "playchess.com"]
[Source "ChessBase"]
[SourceQuality "1"]
[TimeControl "40/5400+30:1800+30"]

1. e4 c6 2. d4 d5 3. exd5 cxd5 4. Bd3 Nf6 5. c3 Nc6 6. Bf4 Bg4 7. Qb3 Qd7 8. Nd2 e6 9. Ngf3 a6 10. a4 {[%emt 0:10:00] B13: Caro-Kann: Exchange Variation and Panov-Botvinnik Attack.} Be7 11. a5 O-O 12. O-O Bd8 13. Ne5 Nxe5 14. Bxe5 Bh5 15. Qa4 Qe7 16. Qa3 Qd7 17. Nb3 Bc7 18. Nc5 Qc6 19. Bxf6 gxf6 20. Qa4 Qd6 21. f4 b5 22. axb6 Bxb6 23. Nd7 Bg6 24. Bxg6 fxg6 25. Nxf8 Qxf8 26. Qc6 Qd8 27. Qxe6+ Kg7 28. Rfe1 Ra7 29. Qc6 a5 30. Re6 Bc7 31. Rae1 Bxf4 32. g3 Bb8 33. Re8 Qd6 34. Qxd6 Bxd6 35. Rd8 Bf8 36. Rxd5 Rb7 37. Re2 Ra7 38. c4 Bb4 39. c5 Rc7 40. Re6 Kf7 41. Rb6 g5 42. Rdd6 f5 43. Rf6+ Kg7 44. Rxf5 $18 1-0

[Event "DVM U14 2024"]
[Site "Heidelberg"]
[Date "2024.12.27"]
[Round "1"]
[White "Rodriguez Klasen, Ennio"]
[Black "Roessler, Leo"]
[Result "1/2-1/2"]
[ECO "B07"]
[WhiteElo "1870"]
[BlackElo "1589"]
[Annotator "NA RC"]
[PlyCount "79"]
[EventDate "2024.12.23"]
[EventType "team-tourn"]
[EventRounds "7"]
[EventCountry "GER"]
[SourceTitle "playchess.com"]
[Source "ChessBase"]
[SourceQuality "1"]
[TimeControl "40/5400+30:1800+30"]

1. e4 d6 2. d4 Nf6 3. Nc3 g6 4. f3 Bg7 5. Be3 c6 6. a4 a5 7. Qd2 Nbd7 8. Bd3 e5 9. Nge2 exd4 10. Nxd4 Ne5 11. O-O-O O-O 12. Be2 Qc7 13. h3 Re8 14. g4 b6 15. g5 Nh5 16. Rhg1 Ba6 17. f4 Nc4 18. Bxc4 Bxc4 19. f5 Rad8 20. b3 Ba6 21. f6 Bf8 22. Qh2 Qb7 23. Rge1 d5 24. exd5 cxd5 25. Ncb5 Bxb5 26. Nxb5 Rd7 27. Bd4 Rc8 28. Re3 h6 29. h4 Kh7 30. Rde1 Bc5 31. Bxc5 Rxc5 32. Re7 Kg8 33. Re8+ Kh7 34. R8e7 Kg8 35. Nd6 Qc7 36. Nxf7 Qxh2 37. Nxh6+ Kh8 38. Nf7+ Kg8 39. Nh6+ Kh8 40. Re8+ 1/2-1/2

[Event "DVM U14 2024"]
[Site "Heidelberg"]
[Date "2024.12.27"]
[Round "1"]
[White "Retzlaff, Kian"]
[Black "Kovalyov, Dima"]
[Result "1-0"]
[ECO "B01"]
[WhiteElo "1826"]
[BlackElo "1829"]
[Annotator "NA RC"]
[PlyCount "81"]
[EventDate "2024.12.23"]
[EventType "team-tourn"]
[EventRounds "7"]
[EventCountry "GER"]
[SourceTitle "playchess.com"]
[Source "ChessBase"]
[SourceQuality "1"]
[TimeControl "40/5400+30:1800+30"]

1. e4 d5 2. exd5 Nf6 3. d4 Nxd5 4. c4 Nf6 5. Nc3 Bf5 6. Nf3 e6 7. Be2 Be7 8. O-O O-O 9. Nh4 Bg4 10. Bxg4 Nxg4 11. Qxg4 Bxh4 12. Bf4 Bf6 13. Rad1 Na6 14. Rfe1 Nb4 15. Re2 Nc6 16. d5 Nd4 17. Re4 Re8 18. Be5 Bxe5 19. Rxe5 f6 20. Ree1 e5 21. f4 exf4 22. Qxf4 Nc2 23. Rxe8+ Qxe8 24. Qxc7 Qe3+ 25. Kh1 Re8 26. Qg3 Qc5 27. Qf4 Nb4 28. h3 Nd3 29. Rxd3 Re1+ 30. Kh2 Qg1+ 31. Kg3 Re5 32. h4 g5 33. Qg4 Kf7 34. h5 h6 35. Rf3 Ke7 36. d6+ Kxd6 37. Rxf6+ Ke7 38. Nd5+ Kd8 39. Rf8+ Re8 40. Rxe8+ Kxe8 41. Qe6+ 1-0

[Event "DVM U14 2024"]
[Site "Heidelberg"]
[Date "2024.12.27"]
[Round "1"]
[White "Arne, Jonas"]
[Black "Yan, Haichen"]
[Result "1-0"]
[ECO "B24"]
[WhiteElo "1823"]
[BlackElo "1732"]
[Annotator "NA RC"]
[PlyCount "217"]
[EventDate "2024.12.23"]
[EventType "team-tourn"]
[EventRounds "7"]
[EventCountry "GER"]
[SourceTitle "playchess.com"]
[Source "ChessBase"]
[SourceQuality "1"]
[TimeControl "40/5400+30:1800+30"]

1. e4 c5 2. Nc3 e6 3. Nge2 Nc6 4. g3 Nf6 5. Bg2 d5 6. exd5 exd5 7. d4 Be6 8. Bg5 h6 9. Bxf6 Qxf6 10. Nxd5 Bxd5 11. Bxd5 Nxd4 12. Nxd4 cxd4 13. Qe2+ Qe7 14. Qxe7+ Kxe7 15. O-O-O Rb8 16. Rxd4 g5 17. Re1+ Kf6 18. f4 Kg6 19. Bc4 Bc5 20. Rd7 Rhf8 21. Re5 Bg1 22. Ree7 Bxh2 23. Bxf7+ Kf6 24. Re6+ Kf5 25. Rxh6 Bxg3 26. fxg5 Bf4+ 27. Kb1 Rbd8 28. Rxd8 Rxd8 29. a3 Bxg5 30. Rh7 b6 31. Bc4 a5 32. Bd3+ Ke6 33. Ka2 Be3 34. Kb3 Rd4 35. Rh3 Bg5 36. Rg3 Kf6 37. c3 Rd6 38. Be4 Bf4 39. Rf3 Ke5 40. Bb7 Rf6 41. Rh3 Rh6 42. Rf3 Rf6 43. Rf2 Kd6 44. Kc4 Rf5 45. Rf1 Rc5+ 46. Kd4 Be5+ 47. Kd3 Rc7 48. Ba6 Rc5 49. Rh1 Rd5+ 50. Ke4 Bg7 51. Rg1 Re5+ 52. Kd3 Bh6 53. Rg6+ Re6 54. Rg8 Bc1 55. Rb8 Kc7 56. Rc8+ Kd7 57. Kc2 Bf4 58. Rf8 Bd6 59. Rf7+ Re7 60. Rf6 Bc5 61. Bb5+ Kc7 62. Rc6+ Kb7 63. Kb3 Re4 64. Rg6 Kc7 65. Ba6 Rf4 66. Rg2 Kd6 67. Rd2+ Kc7 68. Be2 Rf2 69. Ka4 Be3 70. Rc2 Kd6 71. b4 axb4 72. cxb4 Rg2 73. Kb5 Rg5+ 74. Ka6 Rg2 75. a4 Rf2 76. b5 Kd5 77. a5 bxa5 78. Kxa5 Rf6 79. Kb4 Ke5 80. Bh5 Rd6 81. Be8 Rb6 82. Ka5 Rb8 83. Re2 Kf4 84. Bc6 Bg1 85. Re7 Bc5 86. Rd7 Kg3 87. Bb7 Bf2 88. Rg7+ Kh4 89. Ka6 Rd8 90. Rf7 Rd6+ 91. Bc6 Be3 92. Kb7 Rd2 93. Rf3 Bc5 94. Rb3 Rf2 95. b6 Bxb6 96. Kxb6 Kg5 97. Kc5 Rc2+ 98. Kd6 Rd2+ 99. Ke5 Rc2 100. Bd5 Re2+ 101. Be4 Kg4 102. Rb8 Kg3 103. Rg8+ Kf2 104. Kf4 Ke1 105. Bf3 Re7 106. Rd8 Rf7+ 107. Kg3 Rg7+ 108. Bg4 Rxg4+ 109. Kxg4 1-0

[Event "DVM U14 2024"]
[Site "Heidelberg"]
[Date "2024.12.27"]
[Round "1"]
[White "Pflug, Anton"]
[Black "Mosch, Cornelius"]
[Result "1-0"]
[ECO "C55"]
[WhiteElo "1812"]
[BlackElo "1405"]
[Annotator "NA RC"]
[PlyCount "69"]
[EventDate "2024.12.23"]
[EventType "team-tourn"]
[EventRounds "7"]
[EventCountry "GER"]
[SourceTitle "playchess.com"]
[Source "ChessBase"]
[SourceQuality "1"]
[TimeControl "40/5400+30:1800+30"]

1. e4 e5 2. Nf3 Nc6 3. Bc4 Nf6 4. d3 h6 5. c3 d5 6. exd5 Nxd5 7. Nbd2 Be7 8. O-O O-O 9. Re1 Bf6 10. Ne4 Bg4 11. Bxh6 Nb6 12. Be3 Nxc4 13. dxc4 Qxd1 14. Nxf6+ gxf6 15. Raxd1 e4 16. h3 Bh5 17. g4 exf3 18. gxh5 Kh7 19. Rd7 Ne5 20. Rxc7 b6 21. Bd4 Nd3 22. Re3 Rg8+ 23. Kf1 Nxb2 24. Rxf3 Rgf8 25. Rxf6 Nd3 26. Ke2 Nc5 27. Bxc5 bxc5 28. Rxc5 Rfe8+ 29. Kf3 Kg7 30. Rf4 Rad8 31. Rd5 Rc8 32. Rd7 a5 33. Rfxf7+ Kg8 34. Rg7+ Kh8 35. Rh7+ 1-0

[Event "DVM U14 2024"]
[Site "Heidelberg"]
[Date "2024.12.27"]
[Round "1"]
[White "Ollhoff, Hannes"]
[Black "Mohylnyi, Stepan"]
[Result "0-1"]
[ECO "D79"]
[WhiteElo "1801"]
[BlackElo "2180"]
[Annotator "RC"]
[PlyCount "74"]
[EventDate "2024.12.23"]
[EventType "team-tourn"]
[EventRounds "7"]
[EventCountry "GER"]
[SourceTitle "playchess.com"]
[Source "ChessBase"]
[SourceQuality "1"]
[TimeControl "40/5400+30:1800+30"]

1. d4 Nf6 2. Nf3 g6 3. g3 Bg7 4. Bg2 O-O 5. O-O d5 6. c4 c6 7. cxd5 cxd5 8. Nc3 Nc6 9. Bf4 Ne4 10. Ne5 Nxe5 11. Bxe5 Nxc3 12. bxc3 Bxe5 13. dxe5 Be6 14. Qd4 Qa5 15. Qb4 Qc7 16. f4 Rac8 17. Rfd1 Rfd8 18. Rac1 a5 19. Qd4 b5 20. Rb1 Qb8 21. Qd2 Bf5 22. Rb2 e6 23. Bf1 Rc5 24. e3 Rdc8 25. a4 b4 26. cxb4 Rc2 27. Rxc2 Rxc2 28. Qd4 Qxb4 29. Qxb4 axb4 30. Bd3 b3 31. Bxc2 Bxc2 32. Re1 b2 33. a5 b1=Q 34. Rxb1 Bxb1 35. a6 Be4 36. a7 d4 37. exd4 Kf8 0-1

[Event "DVM U14 2024"]
[Site "Heidelberg"]
[Date "2024.12.27"]
[Round "1"]
[White "Fridlin, Daniel"]
[Black "Meusel, Theodor"]
[Result "0-1"]
[ECO "C07"]
[WhiteElo "1789"]
[BlackElo "1608"]
[Annotator "NA RC"]
[PlyCount "134"]
[EventDate "2024.12.23"]
[EventType "team-tourn"]
[EventRounds "7"]
[EventCountry "GER"]
[SourceTitle "playchess.com"]
[Source "ChessBase"]
[SourceQuality "1"]
[TimeControl "40/5400+30:1800+30"]

1. e4 e6 2. d4 d5 3. Nd2 c5 4. exd5 Qxd5 5. Ngf3 Nc6 6. Bc4 Qd8 7. O-O cxd4 8. Nb3 Nf6 9. Nbxd4 Nxd4 10. Nxd4 Bc5 11. c3 O-O 12. Be3 b6 13. Qf3 Bd7 14. Rad1 Qc7 15. Bd3 Bxd4 16. cxd4 Bc6 17. Qh3 h6 18. Rc1 Qb7 19. f3 Rac8 20. g4 Rfd8 21. g5 hxg5 22. Bxg5 Rxd4 23. Bxf6 gxf6 24. Bh7+ Kf8 25. Rf2 Ke7 26. Rfc2 Rdd8 27. f4 Bd5 28. Qa3+ Ke8 29. Bd3 Rxc2 30. Rxc2 Qe7 31. Bb5+ Kf8 32. Qh3 Qd6 33. Qc3 Be4 34. Rc1 Qxf4 35. Bf1 Rd2 36. Qh3 Qg5+ 37. Qg3 Qxg3+ 38. hxg3 Rxb2 39. a3 Rc2 40. Re1 Bd5 41. Re3 Ke7 42. Be2 Kd6 43. g4 e5 44. Kf1 Bc4 45. Bxc4 Rxc4 46. Rg3 b5 47. Ke2 e4 48. Re3 Ke5 49. Rb3 a6 50. Ke3 f5 51. gxf5 Kxf5 52. Ke2 Kg4 53. Rb1 Rc3 54. Rg1+ Rg3 55. Ra1 f5 56. a4 bxa4 57. Rxa4 Kf4 58. Rxa6 Rg2+ 59. Kf1 Kf3 60. Ra3+ e3 61. Rxe3+ Kxe3 62. Kxg2 f4 63. Kf1 Kf3 64. Kg1 Ke2 65. Kg2 f3+ 66. Kg1 f2+ 67. Kh2 f1=Q 0-1

[Event "DVM U14 2024"]
[Site "Heidelberg"]
[Date "2024.12.27"]
[Round "1"]
[White "Botschek, Marius"]
[Black "Steinbrenner, Peter"]
[Result "0-1"]
[ECO "B23"]
[WhiteElo "1788"]
[BlackElo "1946"]
[Annotator "NA RC"]
[PlyCount "94"]
[EventDate "2024.12.23"]
[EventType "team-tourn"]
[EventRounds "7"]
[EventCountry "GER"]
[SourceTitle "playchess.com"]
[Source "ChessBase"]
[SourceQuality "1"]
[TimeControl "40/5400+30:1800+30"]

1. e4 c5 2. Nc3 a6 3. f4 b5 4. Nf3 Bb7 5. d4 e6 6. d5 b4 7. Na4 exd5 8. exd5 d6 9. c4 Be7 10. Bd3 Bf6 11. O-O Ne7 12. Rb1 Nd7 13. b3 Nb6 14. Nxb6 Qxb6 15. Bb2 O-O-O 16. Kh1 Rhe8 17. Ng5 Bxb2 18. Rxb2 h6 19. Nf3 Ng8 20. Re2 Nf6 21. Rfe1 Qc7 22. Qc2 Kb8 23. Qd2 Qd7 24. Kg1 Rxe2 25. Rxe2 Re8 26. Qe1 Rxe2 27. Qxe2 Qg4 28. g3 g5 29. fxg5 hxg5 30. Qe3 Ka7 31. Nxg5 Qd1+ 32. Bf1 Ng4 33. Qf4 f6 34. Ne6 Ne5 35. Kg2 Bxd5+ 36. cxd5 Qxd5+ 37. Kg1 Qxe6 38. Bg2 d5 39. h3 Kb6 40. Qe3 Qd6 41. Qd2 d4 42. h4 d3 43. h5 Qd4+ 44. Kf1 Ng4 45. Ke1 Qa1+ 46. Qd1 Qe5+ 47. Kd2 Qe3# 0-1

[Event "DVM U14 2024"]
[Site "Heidelberg"]
[Date "2024.12.27"]
[Round "1"]
[White "Meijers, Janis"]
[Black "Li, Yunqi"]
[Result "0-1"]
[ECO "E32"]
[WhiteElo "1783"]
[BlackElo "1990"]
[Annotator "RC"]
[PlyCount "34"]
[EventDate "2024.12.23"]
[EventType "team-tourn"]
[EventRounds "7"]
[EventCountry "GER"]
[SourceTitle "playchess.com"]
[Source "ChessBase"]
[SourceQuality "1"]
[TimeControl "40/5400+30:1800+30"]

1. d4 Nf6 2. c4 e6 3. Nc3 Bb4 4. Qc2 O-O 5. e4 d5 6. e5 Ne4 7. a3 Bxc3+ 8. bxc3 c5 9. Bd3 cxd4 10. cxd4 Nc6 11. Ne2 Qa5+ 12. Kf1 f5 13. f3 Bd7 14. Rb1 Nd8 15. cxd5 Rc8 16. Qb2 exd5 17. Kg1 Qe1# 0-1

[Event "DVM U14 2024"]
[Site "Heidelberg"]
[Date "2024.12.27"]
[Round "1"]
[White "Ramming, Moritz"]
[Black "Madel, Luca"]
[Result "1/2-1/2"]
[ECO "C10"]
[WhiteElo "1769"]
[BlackElo "1657"]
[Annotator "NA RC"]
[PlyCount "95"]
[EventDate "2024.12.23"]
[EventType "team-tourn"]
[EventRounds "7"]
[EventCountry "GER"]
[SourceTitle "playchess.com"]
[Source "ChessBase"]
[SourceQuality "1"]
[TimeControl "40/5400+30:1800+30"]

1. e4 e6 2. d4 d5 3. Nd2 dxe4 4. Nxe4 Nd7 5. Be3 Ngf6 6. Nxf6+ Nxf6 7. Nf3 Be7 8. Be2 O-O 9. O-O b6 10. Ne5 Bb7 11. c4 Nd7 12. Bf3 Nxe5 13. Bxb7 Rb8 14. Ba6 Nd7 15. Qd2 e5 16. Rad1 exd4 17. Bxd4 Bd6 18. Qc3 f6 19. b4 c5 20. Be3 cxb4 21. Qd2 Nc5 22. Bb5 Be7 23. Qxb4 Qc7 24. Qb1 Rfd8 25. Qf5 Rxd1 26. Rxd1 Rd8 27. Rd5 g6 28. Qf3 Rxd5 29. cxd5 Kg7 30. g3 Bd6 31. h4 h5 32. g4 hxg4 33. Qxg4 Qe7 34. h5 Qe4 35. Qh3 gxh5 36. Qxh5 Qg6+ 37. Qxg6+ Kxg6 38. Kg2 a6 39. Bxc5 Bxc5 40. Bxa6 Kf5 41. Bb7 Ke5 42. Bc6 Kd6 43. a4 Bd4 44. Kg3 Bc5 45. f4 Bd4 46. Kf3 Bc3 47. Ke4 Bb2 48. Kf5 1/2-1/2

[Event "DVM U14 2024"]
[Site "Heidelberg"]
[Date "2024.12.27"]
[Round "1"]
[White "Kommessin, Felix"]
[Black "Haertel, Leon"]
[Result "0-1"]
[ECO "B21"]
[WhiteElo "1757"]
[BlackElo "1839"]
[Annotator "NA RC"]
[PlyCount "60"]
[EventDate "2024.12.23"]
[EventType "team-tourn"]
[EventRounds "7"]
[EventCountry "GER"]
[SourceTitle "playchess.com"]
[Source "ChessBase"]
[SourceQuality "1"]
[TimeControl "40/5400+30:1800+30"]

1. e4 c5 2. d4 cxd4 3. c3 dxc3 4. Nxc3 Nc6 5. Nf3 e6 6. Bc4 a6 7. Bf4 d6 8. O-O Be7 9. Qe2 e5 10. Be3 Nf6 11. Rfd1 Bg4 12. h3 Bxf3 13. Qxf3 O-O 14. Nd5 Nxd5 15. Bxd5 Rc8 16. g3 Qd7 17. Kh2 Kh8 18. g4 Nb4 19. Bb3 Nc2 20. Rac1 Nxe3 21. Qxe3 h6 22. Qb6 h5 23. Kg3 Rc6 24. Rxc6 bxc6 25. Ba4 Qe6 26. Bb3 Qf6 27. f3 Qf4+ 28. Kf2 Qh2+ 29. Kf1 Qxh3+ 30. Ke2 hxg4 0-1

[Event "DVM U14 2024"]
[Site "Heidelberg"]
[Date "2024.12.27"]
[Round "1"]
[White "Dersewski, Jonas"]
[Black "Schriefer, Leo Hans"]
[Result "0-1"]
[ECO "B06"]
[WhiteElo "1738"]
[BlackElo "1477"]
[Annotator "NA RC"]
[PlyCount "44"]
[EventDate "2024.12.23"]
[EventType "team-tourn"]
[EventRounds "7"]
[EventCountry "GER"]
[SourceTitle "playchess.com"]
[Source "ChessBase"]
[SourceQuality "1"]
[TimeControl "40/5400+30:1800+30"]

1. e4 c5 2. c3 d5 3. exd5 Qxd5 4. d4 g6 5. Nf3 Bg7 6. Be3 cxd4 7. cxd4 Nf6 8. Nc3 Qa5 9. Bd3 O-O 10. O-O Nc6 11. Qd2 Rd8 12. Rad1 Nd5 13. Rfe1 Be6 14. a3 Rac8 15. Ne4 Qxd2 16. Rxd2 f5 17. Nc5 Bf7 18. g3 Nxe3 19. fxe3 b6 20. Na4 e5 21. Nxe5 Bxe5 22. dxe5 Nxe5 0-1

[Event "DVM U14 2024"]
[Site "Heidelberg"]
[Date "2024.12.27"]
[Round "1"]
[White "Gorbatschow, Bogdan"]
[Black "Zhou, Louis Yuchen"]
[Result "1-0"]
[ECO "C56"]
[WhiteElo "1728"]
[BlackElo "1215"]
[Annotator "NA RC"]
[PlyCount "43"]
[EventDate "2024.12.23"]
[EventType "team-tourn"]
[EventRounds "7"]
[EventCountry "GER"]
[SourceTitle "playchess.com"]
[Source "ChessBase"]
[SourceQuality "1"]
[TimeControl "40/5400+30:1800+30"]

1. e4 e5 2. Nf3 Nc6 3. d4 exd4 4. Bc4 Nf6 5. Ng5 Ne5 6. Qxd4 Nxc4 7. Qxc4 d5 8. exd5 Bd6 9. Nc3 Bf5 10. O-O O-O 11. Qb3 b6 12. Nf3 Re8 13. Bg5 h6 14. Nd4 Bg4 15. Nc6 Qd7 16. Bxf6 gxf6 17. Rae1 Bh3 18. Ne4 Be5 19. Nxe5 Qf5 20. Qxh3 Qxh3 21. gxh3 Rxe5 22. Nxf6+ 1-0

[Event "DVM U14 2024"]
[Site "Heidelberg"]
[Date "2024.12.27"]
[Round "1"]
[White "Ensslen, Jakob"]
[Black "Schwitkowski, Luka"]
[Result "0-1"]
[ECO "A46"]
[WhiteElo "1714"]
[BlackElo "2070"]
[Annotator "RC"]
[PlyCount "76"]
[EventDate "2024.12.23"]
[EventType "team-tourn"]
[EventRounds "7"]
[EventCountry "GER"]
[SourceTitle "playchess.com"]
[Source "ChessBase"]
[SourceQuality "1"]
[TimeControl "40/5400+30:1800+30"]

1. d4 Nf6 2. Bf4 e6 3. e3 c5 4. c3 Nc6 5. Nf3 h6 6. h4 d5 7. Nbd2 Bd6 8. Ne5 Qc7 9. Ndf3 c4 10. Be2 Nd7 11. Nxd7 Bxd7 12. Qd2 b5 13. O-O O-O 14. Rfe1 Rfe8 15. Bf1 Rad8 16. Bxd6 Qxd6 17. e4 dxe4 18. Rxe4 e5 19. Rd1 Bf5 20. Ree1 e4 21. Nh2 Ne5 22. Be2 Ng6 23. h5 Nf4 24. Nf1 Nd3 25. Bxd3 exd3 26. Ng3 Bh7 27. a4 a6 28. Ra1 Kf8 29. Kf1 f6 30. axb5 axb5 31. b3 cxb3 32. Reb1 Ra8 33. Rd1 Qd5 34. Rab1 Ra2 35. Rb2 Rea8 36. Rdb1 Rxb2 37. Qxb2 Ra2 38. Qxb3 Qxb3 0-1

[Event "DVM U14 2024"]
[Site "Heidelberg"]
[Date "2024.12.27"]
[Round "1"]
[White "Freude, Paul"]
[Black "Obermair, Hannes"]
[Result "1-0"]
[ECO "B33"]
[WhiteElo "1714"]
[BlackElo "1653"]
[Annotator "NA RC"]
[PlyCount "137"]
[EventDate "2024.12.23"]
[EventType "team-tourn"]
[EventRounds "7"]
[EventCountry "GER"]
[SourceTitle "playchess.com"]
[Source "ChessBase"]
[SourceQuality "1"]
[TimeControl "40/5400+30:1800+30"]

1. e4 c5 2. Nf3 Nc6 3. d4 cxd4 4. Nxd4 Nf6 5. Nc3 e5 6. Ndb5 d6 7. Bg5 a6 8. Na3 b5 9. Nd5 Be7 10. Bxf6 Bxf6 11. c4 b4 12. Nc2 a5 13. b3 O-O 14. Be2 Be6 15. Nxf6+ gxf6 16. O-O Qd7 17. f4 f5 18. fxe5 Nxe5 19. exf5 Bxf5 20. Nd4 Bg6 21. Kh1 Rac8 22. h3 d5 23. Nf3 Be4 24. Qd4 f6 25. Rad1 Rcd8 26. Kg1 Bxf3 27. Bxf3 dxc4 28. Bd5+ Kg7 29. bxc4 Qc7 30. Rc1 Rd7 31. Qf4 Qc5+ 32. Kh1 Ng6 33. Qg3 Re8 34. Rf5 Red8 35. Rcf1 Qd4 36. Rxf6 Qxf6 37. Rxf6 Kxf6 38. Qf2+ Kg7 39. Qb6 Rd6 40. Qxa5 Nf4 41. Qxb4 Nxd5 42. cxd5 Rxd5 43. a4 Rd4 44. Qc3 Kf7 45. a5 Ke7 46. a6 Ra4 47. a7 Rd1+ 48. Kh2 Rda1 49. Qc7+ Kf8 50. Qxh7 Rxa7 51. Qf5+ Kg7 52. h4 R1a5 53. Qg4+ Kh7 54. Qe4+ Kh6 55. Qd4 R7a6 56. Kh3 Ra3+ 57. g3 R3a4 58. Qh8+ Kg6 59. h5+ Kg5 60. Qe5+ Kh6 61. g4 Ra7 62. Qh8+ Kg5 63. Qg8+ Kf4 64. Qf8+ Ke5 65. Qf5+ Kd6 66. Kh4 R4a5 67. Qf6+ Kd5 68. h6 R5a6 69. Qf5+ 1-0

[Event "DVM U14 2024"]
[Site "Heidelberg"]
[Date "2024.12.27"]
[Round "1"]
[White "Kaplan, Arne"]
[Black "Bauer, Laura Sophie"]
[Result "0-1"]
[ECO "C54"]
[WhiteElo "1710"]
[BlackElo "1926"]
[Annotator "RC"]
[PlyCount "62"]
[EventDate "2024.12.23"]
[EventType "team-tourn"]
[EventRounds "7"]
[EventCountry "GER"]
[SourceTitle "playchess.com"]
[Source "ChessBase"]
[SourceQuality "1"]
[TimeControl "40/5400+30:1800+30"]

1. e4 e5 2. Nf3 Nc6 3. Bc4 Bc5 4. c3 Nf6 5. d4 exd4 6. b4 Bb6 7. e5 d5 8. exf6 dxc4 9. Qe2+ Be6 10. b5 d3 11. Qe4 Nb4 12. O-O Nc2 13. fxg7 Rg8 14. Bg5 Qd5 15. Qxh7 Kd7 16. Nbd2 Nxa1 17. Rxa1 Bf5 18. Qh6 Rae8 19. Bf6 Qxb5 20. Qf4 Be6 21. Ne5+ Kc8 22. h4 Ba5 23. Nexc4 Bxc4 24. Nxc4 Re6 25. Nxa5 Qxa5 26. Qh6 Qf5 27. Qh8 Ree8 28. Qh6 Re2 29. Bd4 d2 30. Rf1 Qd3 31. Qh5 Re1 0-1

[Event "DVM U14 2024"]
[Site "Heidelberg"]
[Date "2024.12.27"]
[Round "1"]
[White "Kalinski, Jan"]
[Black "Geschke, David"]
[Result "0-1"]
[ECO "A26"]
[WhiteElo "1700"]
[BlackElo "1831"]
[Annotator "NA RC"]
[PlyCount "52"]
[EventDate "2024.12.23"]
[EventType "team-tourn"]
[EventRounds "7"]
[EventCountry "GER"]
[SourceTitle "playchess.com"]
[Source "ChessBase"]
[SourceQuality "1"]
[TimeControl "40/5400+30:1800+30"]

1. c4 e5 2. g3 Nc6 3. Bg2 g6 4. Nc3 Bg7 5. e4 d6 6. d3 Nge7 7. Nge2 O-O 8. O-O f5 {[%emt 0:03:31] is now more promising than 8...Be6.} 9. f3 {[%emt 0:04:46] A26: English Opening vs King's Indian with ...Nc6 and d3.} h6 10. Be3 Kh7 $146 ({Predecessor:} 10... Nd4 11. Qd2 Kh7 12. Rae1 c6 13. Kh1 Be6 14. b3 Qc7 15. Bg1 d5 16. Nxd4 exd4 {1-0 Fossum,O (1682)-Mellem,N (2118) NOR-ch U18 int 2002 (2)}) 11. a3 g5 12. b4 f4 13. Bf2 Ng6 14. Qd2 Be6 15. Rad1 g4 16. gxf4 gxf3 17. Bxf3 exf4 18. Kh1 Nce5 19. Ng1 Nxf3 20. Nxf3 Bg4 21. Bd4 Bxf3+ 22. Rxf3 Bxd4 23. Rdf1 Be3 24. Qe1 Qg5 $19 25. Qe2 Nh4 26. Rh3 f3 0-1